Map: [ESL] Goldenaura

Players

eGGz - Winner!

  • Race: Zerg Zerg
  • Spawn Location: 12:00

MCanning

  • Race: Protoss Protoss
  • Spawn Location: 5:00

Event: ESL SC2 Masters 2023 Winter (Regional)

VOD

Have the link to the VOD?

Description

Time

  • Played on: Oct. 29, 2023, 2:11 p.m.
  • Length: 2:55

All games in this series

Show
View Real Time Build Order
Export as new Build Order

eGGz Zerg - Winner!

Build Orders: Hatch First 

Get SALT Encoding   

  12  0:00  Drone  
  13  0:12  Overlord  
  13  0:16  Drone  
  14  0:30  Drone x2  
  16  0:48  Hatchery  
  15  0:51  Drone  
  16  1:00  Drone x2  
  18  1:23  Spawning Pool  
  17  1:51  Drone  
  18  1:59  Drone  
  19  2:11  Zergling x6  
  19  2:12  Zergling x2  
  23  2:17  Zergling x2  
  24  2:24  Zergling x4  
  25  2:35  Zergling x4  
Show
View Real Time Build Order
Export as new Build Order

MCanning Protoss 

Build Orders: Cannon Rush 

Get SALT Encoding   

  12  0:00  Probe  
  13  0:12  Probe  
  14  0:18  Pylon  
  14  0:24  Probe  
  15  0:36  Probe (Chrono Boost)  
  15  0:38  Forge  
  16  0:48  Probe (Chrono Boost)  
  17  0:52  Probe (Chrono Boost), Pylon  
  18  1:11  Photon Cannon  
  19  1:17  Photon Cannon  
  18  1:21  Gateway  
  18  1:26  Photon Cannon  
  18  1:28  Pylon  
  17  1:33  Pylon  
  16  2:01  Probe  
  16  2:06  Zealot (Chrono Boost)  
  16  2:07  Photon Cannon  
  19  2:11  Assimilator  
  19  2:13  Probe  
  19  2:18  Cybernetics Core  
  19  2:24  Zealot (Chrono Boost)  
  19  2:26  Probe  
Tags
 
Add a new tag
Caveats
  • Supply blocks, unpowered buildings, or Contaminate may cause inaccurate times.
  • Supply counts are checked every 10 seconds.